 Dungeon Crawl Stone Soup version 0.19.0-20-gbc5f0c6 (webtiles) character file.

67 tomat the Cudgeler (level 3, -1/34 HPs)
             Began as a Minotaur Berserker on Nov 16, 2016.
             Was a Believer of Trog.
             Slain by a gnoll
             ... wielding a +0 flail
              (10 damage)
             ... on level 3 of the Dungeon on Nov 17, 2016.
             The game lasted 00:05:35 (1524 turns).

tomat the Cudgeler (Minotaur Berserker)             Turns: 1524, Time: 00:05:35

Health: -1/34      AC:  2    Str: 22    XL:     3   Next: 98%
Magic:  2/2        EV: 12    Int:  4    God:    Trog [**....]
Gold:   145        SH:  0    Dex:  9    Spells: 0 memorised, 2 levels left

rFire  x . .     SeeInvis .     a - +0 mace
rCold  + . .     Gourm    .     h - +0 robe (curse)
rNeg   . . .     Faith    .     (no shield)
rPois  .         Spirit   .     (helmet restricted)
rElec  .         Reflect  .     (no cloak)
rCorr  .         Harm     .     (no gloves)
MR     .....                    (no boots)
Stlth  +.........               (no amulet)
                                (no ring)
                                d - ring of ice

@: no status effects
A: retaliatory headbutt, horns 2
a: Berserk, Trog's Hand, Burn Spellbooks, Renounce Religion


You were on level 3 of the Dungeon.
You worshipped Trog.
Trog was pleased with you.
You were not hungry.

You visited 1 branch of the dungeon, and saw 3 of its levels.

You collected 145 gold pieces.

Inventory:

Hand Weapons
 a - a +0 mace (weapon)
Armour
 b - a +0 animal skin
 h - a cursed +0 robe (worn)
Jewellery
 d - a ring of ice (left hand)
Scrolls
 j - 3 scrolls of teleportation
 m - 2 scrolls of remove curse
 q - a scroll of enchant armour {unknown}
 s - a scroll of recharging {unknown}
Potions
 e - 2 potions of heal wounds {unknown}
 g - a potion of cancellation {unknown}
 i - a potion of magic {unknown}
 k - a potion of ambrosia {unknown}
 l - a potion of lignification {unknown}
 n - a potion of flight {unknown}
 o - a potion of degeneration {unknown}
 r - a potion of haste {unknown}
 u - a potion of cure mutation {unknown}
Comestibles
 c - 2 bread rations
 f - 4 meat rations
 p - a chunk of flesh
 t - a slice of pizza


   Skills:
 + Level 4.3 Fighting
 + Level 5.0 Maces & Flails
 + Level 2.8 Armour
 + Level 2.5 Dodging


You had 2 spell levels left.
You didn't know any spells.

Dungeon Overview and Level Annotations

Branches:
Dungeon (3/15)

Altars:
Fedhas
Uskayaw


Innate Abilities, Weirdness & Mutations

You reflexively headbutt those who attack you in melee.
You have a pair of horns on your head.


Message History

You barely miss the gnoll.
The gnoll hits you from afar with an enchanted spear.
The gnoll barely misses you.
You closely miss the gnoll. The gnoll closely misses you. x2
The gnoll hits you but does no damage.
You closely miss the gnoll. You headbutt the gnoll.
The gnoll is lightly wounded.
The gnoll misses you. x2; The gnoll hits you with a flail.
A bat comes into view.
You barely miss the gnoll.
The gnoll is lightly wounded.
The bat moves out of view.
The gnoll hits you but does no damage. x2
The gnoll hits you with a flail!
You hit the gnoll.
The gnoll is severely wounded.
The gnoll closely misses you.
The gnoll hits you from afar with a spear!
* * * LOW HITPOINT WARNING * * *
The gnoll barely misses you. The gnoll hits you with a flail!
You die...

#. #. #.. #.# #.. #.#
##..#########.#########
..gg.. ........#......
######)g####.....[..<....
........@...>............
###########..............
#..............
#..............
#..............
##.........)...
##...>.#......
#########.### #####)#


You could see 3 gnolls.

Vanquished Creatures
  A gnoll (D:3)
  An ooze (D:1)
  A worm (D:2)
  2 dart slugs
  2 leopard geckos
  A ball python (D:2)
  4 giant cockroaches
  4 goblins
  9 hobgoblins
  2 quokkas (D:2)
  4 bats
  2 frilled lizards (D:3)
  3 kobolds
  5 rats
41 creatures vanquished.

Notes
Turn   | Place    | Note
-------+----------+-------------------------------------------
     0 | D:1      | tomat the Minotaur Berserker began the quest for the Orb.
     0 | D:1      | Reached XP level 1. HP: 19/19 MP: 0/0
   190 | D:1      | Reached XP level 2. HP: 22/27 MP: 1/1
   195 | D:1      | Reached skill level 4 in Maces & Flails
   830 | D:2      | Reached XP level 3. HP: 21/33 MP: 2/2
   884 | D:2      | Found a blossoming altar of Fedhas.
  1338 | D:2      | Found a hide-covered altar of Uskayaw.
  1475 | D:3      | Reached ** piety under Trog
  1518 | D:3      | Reached skill level 5 in Maces & Flails
  1524 | D:3      | Slain by a gnoll

Skill      XL: |  1  2  3 |
---------------+----------+-----
Fighting       | 4 |  4.3
Maces & Flails | 4 5 |  5.0
Armour         | |  2.8
Dodging        | |  2.5

Action                   || total
-------------------------++-------
Melee: Mace              ||    86
       Headbutt          ||    16
  Use: Scroll            ||     4
  Eat: Chunk             ||     2
Armor: Animal skin       ||    10
       Robe              ||     3
Dodge: Dodged            ||    75
